2658 views
Uploaded 2020-02-14 18:15:59
Game version 1.32 / 1.32.1
13:07 long 4on4 ladder game on (8)Sanctuary_LV
Saved by TALONSARIMBA
2658 views
Uploaded 2020-02-14 18:15:59
Game version 1.32 / 1.32.1
13:07 long 4on4 ladder game on (8)Sanctuary_LV


104 units @ 11k
/ 0.9k
76 buildings @ 10.9k
/ 5.2k


| Healing Salve | 2 | 200 |
| Lesser Clarity Potion | 1 | 70 |
| total: | 3 | 270g |
| Peon | 13 | 975 | / | 0 |
| Troll Headhunter | 14 | 1960 | / | 280 |
| Troll Berserker | 6 | 840 | / | 120 |
| total: | 33 | 3775g | / | 400w |
| Watch Tower | 4 | 440 | / | 320 |
| Altar of Storms | 1 | 180 | / | 50 |
| Orc Burrow | 4 | 640 | / | 160 |
| War Mill | 1 | 205 | / | 0 |
| Barracks | 4 | 720 | / | 200 |
| Voodoo Lounge | 1 | 130 | / | 30 |
| Great Hall | 1 | 385 | / | 185 |
| Spirit Lodge | 1 | 150 | / | 150 |
| Stronghold | 1 | 315 | / | 190 |
| Fortress | 1 | 325 | / | 190 |
| total: | 17 | 2850g | / | 1095w |
| 0:04 | Peon |
| 0:04 | Peon |
| 0:08 | Altar of Storms |
| 0:22 | Orc Burrow |
| 0:34 | Peon |
| 0:40 | Peon |
| 0:57 | War Mill |
| 1:06 | Barracks |
| 1:11 | Peon |
| 1:25 | Peon |
| 1:41 | Orc Burrow |
| 1:45 | Peon |
| 1:50 | Peon |
| 2:08 | Troll Headhunter |
| 2:19 | Voodoo Lounge |
| 2:31 | Endurance Aura |
| 2:42 | Troll Headhunter |
| 2:45 | Peon |
| 3:04 | Troll Headhunter |
| 3:17 | Troll Headhunter |
| 3:18 | Peon |
| 3:35 | Orc Burrow |
| 3:45 | Troll Headhunter |
| 4:16 | Stronghold |
| 4:34 | Healing Salve |
| 4:44 | War Stomp |
| 4:47 | Troll Headhunter |
| 5:06 | Troll Headhunter |
| 6:03 | Great Hall |
| 6:06 | Orc Burrow |
| 6:09 | Troll Headhunter |
| 6:14 | Watch Tower |
| 6:18 | Watch Tower |
| 7:08 | Watch Tower |
| 7:19 | Endurance Aura |
| 7:51 | Troll Headhunter |
| 7:52 | Troll Headhunter |
| 7:54 | Fortress |
| 8:08 | Spirit Lodge |
| 8:15 | Watch Tower |
| 8:48 | Healing Wave |
| 9:25 | Troll Headhunter |
| 9:25 | Troll Headhunter |
| 9:41 | Troll Headhunter |
| 9:50 | Peon |
| 9:51 | Peon |
| 9:53 | Peon |
| 10:00 | Barracks |
| 10:03 | Steel Ranged Weapons |
| 10:09 | Lesser Clarity Potion |
| 10:10 | Healing Salve |
| 10:34 | Troll Headhunter |
| 10:46 | Barracks |
| 10:50 | Barracks |
| 10:53 | Troll Regeneration |
| 10:54 | Berserker Upgrade |
| 11:43 | Troll Berserker |
| 12:04 | Troll Berserker |
| 12:04 | Troll Berserker |
| 12:12 | Troll Berserker |
| 12:16 | Troll Berserker |
| 12:16 | Troll Berserker |
| Right click | 341 |
| Select | 182 |
| Select group | 91 |
| Build/train/purchase | 58 |
| Misc. action | 22 |
| Assign group | 21 |
| Use ability | 11 |
| Minimap ping | 4 |
| Esc | 3 |


| Lesser Clarity Potion | 2 | 140 |
| total: | 2 | 140g |
| Wisp | 16 | 960 | / | 0 |
| Archer | 7 | 910 | / | 70 |
| Druid of the Talon | 2 | 290 | / | 40 |
| Goblin Shredder | 1 | 375 | / | 100 |
| total: | 26 | 2535g | / | 210w |
| Altar of Elders | 1 | 180 | / | 50 |
| Moon Well | 8 | 1440 | / | 320 |
| Ancient of War | 1 | 150 | / | 60 |
| Ancient of Wonders | 2 | 180 | / | 60 |
| Tree of Life | 1 | 340 | / | 185 |
| Hunter's Hall | 1 | 210 | / | 100 |
| Ancient of Wind | 1 | 150 | / | 140 |
| Chimaera Roost | 5 | 700 | / | 950 |
| Tree of Ages | 1 | 320 | / | 180 |
| Tree of Eternity | 1 | 330 | / | 200 |
| total: | 20 | 3350g | / | 1865w |
| 0:02 | Wisp |
| 0:03 | Wisp |
| 0:03 | Wisp |
| 0:20 | Altar of Elders |
| 0:27 | Moon Well |
| 0:32 | Ancient of War |
| 0:37 | Wisp |
| 0:37 | Wisp |
| 0:44 | Wisp |
| 1:31 | Moon Well |
| 1:33 | Archer |
| 1:37 | Wisp |
| 1:46 | Archer |
| 2:03 | Ancient of Wonders |
| 2:06 | Wisp |
| 2:12 | Archer |
| 2:20 | Force of Nature |
| 2:31 | Archer |
| 2:40 | Moon Well |
| 2:55 | Archer |
| 3:39 | Tree of Life |
| 3:41 | Entangling Roots |
| 3:47 | Wisp |
| 3:47 | Wisp |
| 3:50 | Moon Well |
| 3:56 | Archer |
| 4:16 | Archer |
| 4:21 | Wisp |
| 4:44 | Lesser Clarity Potion |
| 4:48 | Tree of Ages |
| 5:13 | Hunter's Hall |
| 5:46 | Goblin Shredder |
| 5:51 | Wisp |
| 5:58 | Force of Nature |
| 6:15 | Lesser Clarity Potion |
| 6:22 | Moon Well |
| 6:22 | Wisp |
| 6:23 | Wisp |
| 6:25 | Wisp |
| 7:06 | Strength of the Wild |
| 7:06 | Ultravision |
| 7:09 | Wisp |
| 7:22 | Ancient of Wind |
| 7:24 | Moon Well |
| 7:40 | Entangling Roots |
| 7:56 | Tree of Eternity |
| 7:58 | Reinforced Hides |
| 8:15 | Trueshot Aura |
| 9:50 | Moon Well |
| 9:51 | Moon Well |
| 10:03 | Improved Strength of the Wild |
| 10:03 | Improved Reinforced Hides |
| 10:28 | Chimaera Roost |
| 10:28 | Chimaera Roost |
| 10:31 | Chimaera Roost |
| 10:36 | Chimaera Roost |
| 10:37 | Chimaera Roost |
| 10:42 | Well Spring |
| 10:49 | Druid of the Talon |
| 10:49 | Druid of the Talon |
| 10:54 | Ancient of Wonders |
| Select group | 454 |
| Right click | 371 |
| Select | 202 |
| Build/train/purchase | 55 |
| Minimap ping | 37 |
| Assign group | 34 |
| Use ability | 32 |
| Misc. action | 9 |
| Esc | 3 |
| Item give/drop | 2 |


| Wisp | 18 | 1080 | / | 0 |
| Huntress | 7 | 1365 | / | 140 |
| total: | 25 | 2445g | / | 140w |
| Ancient Protector | 3 | 405 | / | 240 |
| Moon Well | 4 | 720 | / | 160 |
| Hunter's Hall | 1 | 210 | / | 100 |
| Ancient of War | 1 | 150 | / | 60 |
| Altar of Elders | 1 | 180 | / | 50 |
| Tree of Life | 1 | 340 | / | 185 |
| Chimaera Roost | 2 | 280 | / | 380 |
| Tree of Ages | 1 | 320 | / | 180 |
| Tree of Eternity | 1 | 330 | / | 200 |
| total: | 13 | 2285g | / | 1175w |
| 0:06 | Wisp |
| 0:06 | Wisp |
| 0:17 | Moon Well |
| 0:24 | Wisp |
| 0:48 | Hunter's Hall |
| 0:49 | Wisp |
| 1:05 | Wisp |
| 1:20 | Ancient of War |
| 1:21 | Wisp |
| 1:25 | Wisp |
| 1:38 | Wisp |
| 1:56 | Altar of Elders |
| 2:00 | Wisp |
| 2:13 | Moon Well |
| 2:19 | Wisp |
| 2:22 | Wisp |
| 2:27 | Huntress |
| 2:40 | Wisp |
| 2:58 | Moon Well |
| 3:04 | Wisp |
| 3:19 | Huntress |
| 3:32 | Moon Well |
| 3:53 | Huntress |
| 4:15 | Huntress |
| 4:25 | Evasion |
| 4:33 | Huntress |
| 4:58 | Huntress |
| 5:22 | Huntress |
| 5:43 | Tree of Ages |
| 6:01 | Ancient Protector |
| 6:14 | Mana Burn |
| 6:19 | Ancient Protector |
| 6:47 | Tree of Life |
| 6:59 | Ancient Protector |
| 8:12 | Tree of Eternity |
| 8:28 | Evasion |
| 10:55 | Strength of the Wild |
| 10:58 | Chimaera Roost |
| 11:02 | Chimaera Roost |
| 11:13 | Wisp |
| 11:13 | Wisp |
| 11:13 | Wisp |
| 11:14 | Wisp |
| 11:14 | Wisp |
| 11:38 | Mana Burn |
| 11:41 | Searing Arrows |
| Right click | 503 |
| Select | 159 |
| Select group | 66 |
| Build/train/purchase | 38 |
| Resource trade | 24 |
| Assign group | 12 |
| Use ability | 7 |
| Remove unit | 1 |

| Scroll of Regeneration | 2 | 200 |
| total: | 2 | 200g |
| Peasant | 14 | 1050 | / | 0 |
| Footman | 1 | 135 | / | 0 |
| Rifleman | 5 | 1025 | / | 150 |
| total: | 20 | 2210g | / | 150w |
| Scout Tower | 11 | 330 | / | 220 |
| Arcane Tower | 1 | 70 | / | 50 |
| Guard Tower | 7 | 490 | / | 350 |
| Altar of Kings | 1 | 180 | / | 50 |
| Farm | 6 | 480 | / | 120 |
| Barracks | 2 | 320 | / | 120 |
| Blacksmith | 1 | 140 | / | 60 |
| Lumber Mill | 1 | 120 | / | 0 |
| Arcane Vault | 1 | 130 | / | 30 |
| Town Hall | 1 | 385 | / | 205 |
| Arcane Sanctum | 1 | 150 | / | 140 |
| Workshop | 1 | 140 | / | 140 |
| Keep | 1 | 320 | / | 210 |
| total: | 26 | 2375g | / | 1085w |
| 0:09 | Peasant |
| 0:09 | Peasant |
| 0:09 | Peasant |
| 0:14 | Altar of Kings |
| 0:18 | Farm |
| 0:57 | Barracks |
| 1:11 | Peasant |
| 1:11 | Peasant |
| 1:12 | Peasant |
| 1:44 | Farm |
| 1:54 | Scout Tower |
| 1:59 | Scout Tower |
| 2:05 | Footman |
| 2:12 | Blacksmith |
| 2:18 | Peasant |
| 2:19 | Peasant |
| 2:19 | Peasant |
| 2:44 | Scout Tower |
| 2:55 | Arcane Tower |
| 3:05 | Storm Bolt |
| 3:42 | Barracks |
| 3:57 | Farm |
| 4:03 | Lumber Mill |
| 4:10 | Rifleman |
| 4:11 | Rifleman |
| 4:33 | Keep |
| 4:40 | Farm |
| 5:26 | Arcane Vault |
| 5:29 | Rifleman |
| 5:31 | Guard Tower |
| 5:35 | Scout Tower |
| 6:25 | Guard Tower |
| 6:28 | Farm |
| 6:31 | Scroll of Regeneration |
| 6:37 | Scroll of Regeneration |
| 6:55 | Town Hall |
| 7:01 | Scout Tower |
| 7:05 | Scout Tower |
| 7:11 | Scout Tower |
| 7:16 | Scout Tower |
| 7:35 | Guard Tower |
| 7:39 | Scout Tower |
| 7:42 | Scout Tower |
| 7:44 | Guard Tower |
| 7:48 | Scout Tower |
| 7:50 | Guard Tower |
| 7:57 | Bash |
| 8:14 | Guard Tower |
| 8:16 | Guard Tower |
| 8:41 | Improved Lumber Harvesting |
| 8:44 | Peasant |
| 8:44 | Peasant |
| 8:44 | Peasant |
| 8:46 | Peasant |
| 8:47 | Peasant |
| 8:50 | Long Rifles |
| 10:13 | Arcane Sanctum |
| 10:19 | Workshop |
| 10:33 | Rifleman |
| 10:38 | Farm |
| 11:40 | Storm Bolt |
| 11:50 | Storm Bolt |
| 11:52 | Storm Bolt |
| 12:56 | Rifleman |
| Right click | 179 |
| Select | 130 |
| Build/train/purchase | 41 |
| Use ability | 8 |
| Remove unit | 1 |
99 units @ 12.5k
/ 1.1k
65 buildings @ 8.5k
/ 3.4k


| Healing Salve | 5 | 500 |
| Lesser Clarity Potion | 1 | 70 |
| Scroll of Speed | 1 | 50 |
| Scroll of Town Portal | 1 | 350 |
| Potion of Lesser Invulnerability | 1 | 150 |
| total: | 9 | 1120g |
| Peon | 12 | 900 | / | 0 |
| Grunt | 4 | 800 | / | 0 |
| Tauren | 1 | 280 | / | 80 |
| Shaman | 2 | 260 | / | 40 |
| total: | 19 | 2240g | / | 120w |
| Altar of Storms | 1 | 180 | / | 50 |
| Orc Burrow | 5 | 800 | / | 200 |
| Barracks | 1 | 180 | / | 50 |
| Voodoo Lounge | 1 | 130 | / | 30 |
| War Mill | 1 | 205 | / | 0 |
| Great Hall | 1 | 385 | / | 185 |
| Tauren Totem | 2 | 270 | / | 310 |
| Spirit Lodge | 1 | 150 | / | 150 |
| Stronghold | 1 | 315 | / | 190 |
| Fortress | 1 | 325 | / | 190 |
| total: | 13 | 2300g | / | 975w |
| 0:03 | Peon |
| 0:09 | Altar of Storms |
| 0:11 | Orc Burrow |
| 0:19 | Barracks |
| 0:38 | Peon |
| 0:50 | Peon |
| 0:56 | Peon |
| 1:22 | Grunt |
| 1:39 | Grunt |
| 1:55 | Voodoo Lounge |
| 2:10 | Orc Burrow |
| 2:13 | Endurance Aura |
| 2:39 | War Mill |
| 3:00 | Healing Salve |
| 3:01 | Lesser Clarity Potion |
| 3:05 | Grunt |
| 3:25 | Grunt |
| 3:37 | Peon |
| 3:40 | Peon |
| 4:09 | Peon |
| 4:32 | Great Hall |
| 4:34 | Shockwave |
| 4:46 | Peon |
| 5:02 | Stronghold |
| 5:08 | Healing Salve |
| 5:25 | Orc Burrow |
| 5:52 | Steel Armor |
| 5:55 | Orc Burrow |
| 6:00 | Shockwave |
| 7:03 | Peon |
| 7:04 | Peon |
| 7:04 | Peon |
| 7:04 | Peon |
| 7:06 | Orc Burrow |
| 7:13 | Healing Salve |
| 7:53 | Tauren Totem |
| 7:53 | Tauren Totem |
| 8:01 | Endurance Aura |
| 8:14 | Spirit Lodge |
| 8:21 | Hex |
| 8:30 | Scroll of Speed |
| 8:30 | Healing Salve |
| 8:30 | Healing Salve |
| 9:31 | Fortress |
| 10:05 | Scroll of Town Portal |
| 10:05 | Potion of Lesser Invulnerability |
| 10:20 | Healing Wave |
| 10:28 | Shaman Adept Training |
| 11:53 | Pulverize |
| 11:53 | Tauren |
| 12:31 | Shockwave |
| 12:35 | Shaman Master Training |
| 12:35 | Shaman |
| 12:35 | Shaman |
| Right click | 507 |
| Assign group | 349 |
| Select | 215 |
| Select group | 173 |
| Build/train/purchase | 46 |
| Use ability | 44 |
| Chat | 35 |
| Misc. action | 2 |
| Item give/drop | 2 |
| Minimap ping | 2 |

| Wisp | 13 | 780 | / | 0 |
| Archer | 13 | 1690 | / | 130 |
| Hippogryph | 7 | 1120 | / | 140 |
| total: | 33 | 3590g | / | 270w |
| Moon Well | 6 | 1080 | / | 240 |
| Ancient of War | 1 | 150 | / | 60 |
| Altar of Elders | 1 | 180 | / | 50 |
| Hunter's Hall | 1 | 210 | / | 100 |
| Ancient of Wind | 2 | 300 | / | 280 |
| Tree of Ages | 1 | 320 | / | 180 |
| Tree of Eternity | 1 | 330 | / | 200 |
| total: | 11 | 1920g | / | 730w |
| 0:04 | Wisp |
| 0:04 | Wisp |
| 0:04 | Wisp |
| 0:27 | Moon Well |
| 0:29 | Wisp |
| 0:45 | Ancient of War |
| 0:55 | Altar of Elders |
| 0:56 | Wisp |
| 0:57 | Wisp |
| 0:57 | Wisp |
| 1:34 | Wisp |
| 1:36 | Wisp |
| 1:37 | Wisp |
| 1:37 | Wisp |
| 1:37 | Wisp |
| 1:37 | Wisp |
| 1:42 | Moon Well |
| 1:59 | Archer |
| 2:11 | Archer |
| 2:39 | Archer |
| 2:44 | Tree of Ages |
| 2:58 | Archer |
| 3:12 | Moon Well |
| 3:25 | Archer |
| 3:38 | Trueshot Aura |
| 3:41 | Archer |
| 4:00 | Hunter's Hall |
| 4:14 | Archer |
| 4:40 | Searing Arrows |
| 4:42 | Archer |
| 4:44 | Moon Well |
| 5:15 | Strength of the Moon |
| 5:19 | Ancient of Wind |
| 5:22 | Ancient of Wind |
| 5:28 | Improved Bows |
| 6:18 | Trueshot Aura |
| 6:29 | Hippogryph |
| 6:29 | Hippogryph |
| 6:32 | Improved Strength of the Moon |
| 7:04 | Hippogryph |
| 8:38 | Hippogryph |
| 8:40 | Moon Armor |
| 8:41 | Tree of Eternity |
| 8:43 | Searing Arrows |
| 9:31 | Moon Well |
| 9:32 | Moon Well |
| 9:53 | Improved Moon Armor |
| 10:21 | Trueshot Aura |
| 10:44 | Hippogryph |
| 10:45 | Hippogryph |
| 10:46 | Archer |
| 10:46 | Archer |
| 10:46 | Archer |
| 12:39 | Marksmanship |
| 12:39 | Archer |
| 12:39 | Archer |
| 12:40 | Advanced Strength of the Moon |
| 12:44 | Hippogryph |
| 12:53 | Starfall |
| Right click | 332 |
| Select | 187 |
| Build/train/purchase | 57 |
| Remove unit | 3 |
| Use ability | 1 |
| Item give/drop | 1 |


| Scroll of Regeneration | 3 | 300 |
| Lesser Clarity Potion | 2 | 140 |
| Ivory Tower | 3 | 120 |
| Circlet of Nobility | 1 | 175 |
| total: | 9 | 735g |
| Peasant | 8 | 600 | / | 0 |
| Footman | 5 | 675 | / | 0 |
| Rifleman | 11 | 2255 | / | 330 |
| total: | 24 | 3530g | / | 330w |
| Altar of Kings | 1 | 180 | / | 50 |
| Farm | 10 | 800 | / | 200 |
| Barracks | 2 | 320 | / | 120 |
| Arcane Vault | 1 | 130 | / | 30 |
| Blacksmith | 1 | 140 | / | 60 |
| Lumber Mill | 1 | 120 | / | 0 |
| Town Hall | 1 | 385 | / | 205 |
| Keep | 1 | 320 | / | 210 |
| Castle | 1 | 360 | / | 210 |
| total: | 17 | 2075g | / | 665w |
| 0:32 | Peasant |
| 0:45 | Altar of Kings |
| 0:49 | Farm |
| 0:50 | Farm |
| 0:52 | Peasant |
| 0:55 | Barracks |
| 1:05 | Peasant |
| 1:22 | Peasant |
| 1:39 | Peasant |
| 1:42 | Peasant |
| 2:01 | Footman |
| 2:08 | Farm |
| 2:15 | Farm |
| 2:17 | Peasant |
| 2:24 | Footman |
| 2:33 | Peasant |
| 2:44 | Thunder Clap |
| 2:52 | Arcane Vault |
| 2:56 | Farm |
| 3:00 | Footman |
| 3:26 | Blacksmith |
| 3:31 | Barracks |
| 3:41 | Footman |
| 3:55 | Lumber Mill |
| 4:02 | Scroll of Regeneration |
| 4:09 | Lesser Clarity Potion |
| 4:21 | Footman |
| 4:45 | Farm |
| 4:48 | Farm |
| 4:57 | Storm Bolt |
| 5:02 | Rifleman |
| 5:08 | Keep |
| 5:41 | Rifleman |
| 5:53 | Rifleman |
| 6:20 | Rifleman |
| 6:26 | Rifleman |
| 6:46 | Thunder Clap |
| 7:04 | Town Hall |
| 7:12 | Black Gunpowder |
| 7:23 | Rifleman |
| 7:37 | Scroll of Regeneration |
| 7:42 | Lesser Clarity Potion |
| 7:50 | Ivory Tower |
| 7:50 | Ivory Tower |
| 7:56 | Ivory Tower |
| 7:59 | Scroll of Regeneration |
| 8:26 | Rifleman |
| 8:48 | Long Rifles |
| 8:57 | Rifleman |
| 9:30 | Refined Gunpowder |
| 9:32 | Rifleman |
| 10:53 | Castle |
| 11:06 | Holy Light |
| 11:10 | Rifleman |
| 11:18 | Farm |
| 11:19 | Farm |
| 11:20 | Farm |
| 12:06 | Circlet of Nobility |
| 12:40 | Divine Shield |
| 12:41 | Storm Bolt |
| 12:50 | Rifleman |
| 12:54 | Studded Leather Armor |
| Right click | 453 |
| Select group | 428 |
| Select | 112 |
| Build/train/purchase | 61 |
| Chat | 25 |
| Assign group | 19 |
| Use ability | 9 |
| Minimap ping | 6 |
| Item give/drop | 5 |
| Misc. action | 1 |
| Remove unit | 1 |


| Scroll of Regeneration | 3 | 300 |
| Lesser Clarity Potion | 1 | 70 |
| Potion of Healing | 1 | 150 |
| Orb of Fire | 1 | 325 |
| Scroll of Town Portal | 1 | 350 |
| Boots of Speed | 1 | 250 |
| Circlet of Nobility | 2 | 350 |
| total: | 10 | 1795g |
| Peasant | 13 | 975 | / | 0 |
| Footman | 5 | 675 | / | 0 |
| Gryphon Rider | 4 | 1120 | / | 280 |
| Goblin Shredder | 1 | 375 | / | 100 |
| total: | 23 | 3145g | / | 380w |
| Scout Tower | 10 | 300 | / | 200 |
| Guard Tower | 8 | 560 | / | 400 |
| Altar of Kings | 1 | 180 | / | 50 |
| Farm | 6 | 480 | / | 120 |
| Barracks | 1 | 160 | / | 60 |
| Lumber Mill | 1 | 120 | / | 0 |
| Town Hall | 1 | 385 | / | 205 |
| Arcane Vault | 1 | 130 | / | 30 |
| Blacksmith | 1 | 140 | / | 60 |
| Gryphon Aviary | 2 | 280 | / | 300 |
| Keep | 1 | 320 | / | 210 |
| Castle | 1 | 360 | / | 210 |
| total: | 24 | 2175g | / | 1025w |
| 0:06 | Altar of Kings |
| 0:08 | Farm |
| 0:09 | Peasant |
| 0:26 | Barracks |
| 0:28 | Peasant |
| 0:47 | Farm |
| 0:51 | Peasant |
| 1:07 | Peasant |
| 1:21 | Peasant |
| 1:27 | Footman |
| 1:39 | Peasant |
| 1:46 | Footman |
| 1:49 | Farm |
| 2:00 | Peasant |
| 2:10 | Footman |
| 2:28 | Storm Bolt |
| 2:30 | Footman |
| 2:31 | Peasant |
| 2:48 | Lumber Mill |
| 3:07 | Peasant |
| 3:21 | Peasant |
| 3:41 | Bash |
| 3:46 | Peasant |
| 4:10 | Town Hall |
| 4:20 | Arcane Vault |
| 4:40 | Keep |
| 5:04 | Improved Masonry |
| 5:15 | Footman |
| 5:29 | Storm Bolt |
| 5:30 | Goblin Shredder |
| 5:48 | Peasant |
| 5:56 | Scroll of Regeneration |
| 5:58 | Lesser Clarity Potion |
| 6:02 | Peasant |
| 6:05 | Scout Tower |
| 6:11 | Farm |
| 6:14 | Farm |
| 6:29 | Scout Tower |
| 6:31 | Scout Tower |
| 6:32 | Guard Tower |
| 6:41 | Scout Tower |
| 6:44 | Scout Tower |
| 6:53 | Scroll of Regeneration |
| 7:00 | Guard Tower |
| 7:02 | Scout Tower |
| 7:03 | Guard Tower |
| 7:05 | Scout Tower |
| 7:09 | Guard Tower |
| 7:11 | Scout Tower |
| 7:15 | Guard Tower |
| 7:22 | Castle |
| 7:36 | Advanced Masonry |
| 7:42 | Guard Tower |
| 7:46 | Blacksmith |
| 8:03 | Boots of Speed |
| 8:04 | Circlet of Nobility |
| 8:21 | Guard Tower |
| 8:27 | Gryphon Aviary |
| 8:28 | Gryphon Aviary |
| 9:04 | Bash |
| 9:23 | Scout Tower |
| 9:27 | Scroll of Town Portal |
| 9:44 | Scout Tower |
| 9:46 | Scroll of Regeneration |
| 9:48 | Potion of Healing |
| 9:56 | Orb of Fire |
| 9:58 | Storm Hammers |
| 9:59 | Gryphon Rider |
| 10:05 | Guard Tower |
| 10:11 | Banish |
| 10:24 | Circlet of Nobility |
| 10:32 | Gryphon Rider |
| 10:33 | Farm |
| 11:51 | Gryphon Rider |
| 12:04 | Siphon Mana |
| 12:32 | Gryphon Rider |
| 12:43 | Storm Bolt |
| Right click | 917 |
| Select | 396 |
| Select group | 246 |
| Misc. action | 88 |
| Build/train/purchase | 61 |
| Chat | 52 |
| Use ability | 26 |
| Assign group | 13 |
| Item give/drop | 3 |
| Minimap ping | 2 |
⇛